 Dungeon Crawl Stone Soup version 0.16.1-2-g95b8d4c (webtiles) character file.

314 Helmschank the Slicer (level 6, -3/37 HPs)
             Began as a Kobold Berserker on Mar 25, 2015.
             Was a Priest of Trog.
             Killed by nerve-wracking pain
             ... invoked by Grinder
              (14 damage)
             ... on level 5 of the Dungeon.
             The game lasted 00:18:52 (4045 turns).

Helmschank the Slicer (Kobold Berserker)            Turns: 4045, Time: 00:18:52

Health: -3/37      AC:  8    Str: 15    XL:     6   Next: 72%
Magic:  6/6        EV: 15    Int:  5    God:    Trog [***...]
Gold:   225        SH:  0    Dex: 18    Spells: 0 memorised, 5 levels left

rFire  . . .     SeeInvis .     w - +2 dagger (venom)
rCold  . . .     Clarity  .     l - +1 animal skin
rNeg   . . .     SustAb   .     (no shield)
rPois  .         Gourm    .     v - +0 helmet
rElec  .         Spirit   .     (no cloak)
rCorr  .         Warding  .     C - +2 pair of gloves
rMut   +         Stasis   .     x - +0 pair of boots
MR     .....                    b - amulet of resist mutation
Stlth  ++........               (no ring)
                                (no ring)

@: exhausted, slowed, very slow, not resistant to hostile enchantments,
unstealthy
A: carnivore 3
a: Burn Spellbooks, Berserk, Trog's Hand, Renounce Religion


You were on level 5 of the Dungeon.
You worshipped Trog.
Trog was most pleased with you.
You were very full.

You visited 1 branch of the dungeon, and saw 7 of its levels.

You collected 225 gold pieces.

Inventory:

Hand weapons
 a - a +0 short sword
 d - a +1 dagger of electrocution
 e - a -1 blowgun
 o - a +0 rapier
 w - a +2 dagger of venom (weapon)
Missiles
 s - 4 poisoned needles
 U - 119 stones (quivered)
Armour
 l - a +1 animal skin (worn)
 m - a +0 helmet
 v - a +0 helmet (worn)
 x - a +0 pair of boots (worn)
 C - a +2 pair of gloves (worn)
Jewellery
 b - an amulet of resist mutation (around neck)
 t - an uncursed ring of protection from cold {unknown}
 A - an uncursed ring of poison resistance {unknown}
Magical devices
 j - a wand of enslavement (13)
Scrolls
 g - 5 scrolls of identify {unknown}
 p - 2 scrolls of fog {unknown}
 q - 2 scrolls of enchant weapon {unknown}
 u - a scroll of magic mapping {unknown}
 y - a scroll of recharging {unknown}
 z - a scroll of random uselessness {unknown}
 E - a scroll of remove curse
Potions
 h - a potion of resistance {unknown}
 i - a potion of cure mutation {unknown}
 k - a potion of mutation {unknown}
 n - a potion of heal wounds {unknown}
 r - 2 potions of brilliance {unknown}
 B - a potion of agility {unknown}
 D - a potion of poison {unknown}
Comestibles
 c - 4 meat rations
 f - a beef jerky
 F - 2 slices of pizza


   Skills:
 - Level 3.2 Fighting
 + Level 9.2 Short Blades
 - Level 1.5 Armour
 - Level 2.4 Dodging


You had 5 spell levels left.
You didn't know any spells.

Dungeon Overview and Level Annotations

Branches:
Dungeon (7/15)
 Temple: D:4-7

Altars:
Fedhas
Nemelex Xobeh
Qazlal
Sif Muna
Trog
Vehumet
Zin

Shops:
D:4 :

Annotations:
D:5 Grinder


Innate Abilities, Weirdness & Mutations

You are small and have problems with some larger weapons.
You are carnivorous and can eat meat at any time.


Message History

Trog accepts your kill.
You see here a worker ant corpse.
You offer a prayer to Trog.
The worker ant corpse is consumed in a column of flame.
Trog is most pleased with you.
You feel a strong urge to attack something.
You start resting.
The active ballistomycete is too close now for your liking.
You start resting.
The active ballistomycete is too close now for your liking.
You feel your anger subside.
You are no longer berserk.
Trog's vigour flows through your veins.
You are exhausted.
You feel yourself slow down.
Grinder comes into view.
You hit the active ballistomycete.
The active ballistomycete is lightly damaged.
Grinder gestures at you. Pain shoots through your body!
You die...

#.###### ..#.... #......#
#.#..# ####.####.####.#.###.#
#....# #..............
#....## #.####...###..
...##.....###.## #...#
........._......# #...###...
......###.....##...#.#>......
...... ##..@.# . #.#.######
..... #....# .. #.#.#
#......####.#### . #.#.#
#(..5.P# ..#.# ##.###.# ###..
#. #... ### #. ####.. #. ...
#. #


You could see Grinder and an active ballistomycete.

Vanquished Creatures
  The ghost of DogShitOnMyToe the Conjurer, an average TeAE (D:4)
  Crazy Yiuf (D:2)
  2 worker ants
  Robin (D:2)
  2 adders
  3 worms
  2 giant geckos
  An orc (D:3)
  9 bats
  A bat zombie (D:3)
  4 giant cockroaches
  10 hobgoblins
  6 jackals (D:1)
  11 kobolds
  5 giant newts
  23 goblins
  10 rats
  A ballistomycete (D:5)
93 creatures vanquished.

Vanquished Creatures (others)
  A giant spore (D:5)
1 creature vanquished.

Grand Total: 94 creatures vanquished

Notes
Turn   | Place    | Note
--------------------------------------------------------------
     0 | D:1      | Helmschank, the Kobold Berserker, began the quest for the Orb.
     0 | D:1      | Reached XP level 1. HP: 14/14 MP: 1/1
   276 | D:1      | Reached XP level 2. HP: 19/19 MP: 2/2
   639 | D:1      | Reached skill level 5 in Short Blades
   926 | D:1      | Reached XP level 3. HP: 20/23 MP: 3/3
  1330 | D:2      | Noticed Robin
  1337 | D:2      | Killed Robin
  1341 | D:2      | Reached skill level 6 in Short Blades
  1587 | D:2      | Noticed Crazy Yiuf
  1595 | D:2      | Killed Crazy Yiuf
  1595 | D:2      | Reached XP level 4. HP: 27/28 MP: 4/4
  1922 | D:2      | Acquired Trog's second power
  2036 | D:2      | Found a bloodstained altar of Trog.
  2102 | D:2      | Reached skill level 7 in Short Blades
  2102 | D:2      | Reached XP level 5. HP: 32/32 MP: 5/5
  2127 | D:2      | Found a stormy altar of Qazlal.
  2128 | D:2      | Found a blossoming altar of Fedhas.
  2566 | D:2      | Found a radiant altar of Vehumet.
  2566 | D:2      | Found a glowing silver altar of Zin.
  3149 | D:3      | Reached skill level 8 in Short Blades
  3526 | D:4      | Found Cuuzeipo's Book Shoppe.
  3554 | D:4      | Noticed DogShitOnMyToe's ghost (average TeAE)
  3573 | D:4      | Killed DogShitOnMyToe's ghost
  3573 | D:4      | Reached skill level 9 in Short Blades
  3573 | D:4      | Reached XP level 6. HP: 37/37 MP: 6/6
  3793 | D:4      | Found a sparkling altar of Nemelex Xobeh.
  3854 | D:4      | You fall through a shaft for 3 floors!
  3988 | D:5      | Entered Level 5 of the Dungeon
  4000 | D:5      | Found a deep blue altar of Sif Muna.
  4043 | D:5      | Noticed Grinder
  4045 | D:5      | Killed from afar by Grinder

Action                   |  1- 3 |  4- 6 || total
-------------------------+-------+-------++-------
Melee: Short sword       |   124 |       ||   124
       Dagger            |       |   187 ||   187
       Rapier            |       |     8 ||     8
 Fire: Blowgun           |       |     2 ||     2
Throw: Stone             |       |     2 ||     2
Invok: Berserk           |     5 |     2 ||     7
  Use: Scroll            |       |     3 ||     3
 Stab: Sleeping          |       |     3 ||     3
  Eat: Chunk             |    14 |    10 ||    24
